 Dungeon Crawl Stone Soup version 0.31-a0-267-g3fc6992b3b (webtiles) character file.

Game seed: 1690917707210762392

121 qw the Shooter (level 4, 0/36 HPs)
             Began as a Minotaur Hexslinger on July 13, 2023.
             Slain by Sigmund
             ... wielding a +1 scythe of holy wrath
              (12 damage)
             ... on level 3 of the Dungeon.
             The game lasted 00:00:50 (1984 turns).

qw the Shooter (Minotaur Hexslinger)                Turns: 1984, Time: 00:00:51

Health: 0/36       AC:  5    Str:  9 (12) XL:     4   Next: 76%
Magic:  4/4        EV: 10    Int:  7 (10) God:
Gold:   110        SH:  5    Dex: 13 (15) Spells: 4/5 levels left

rFire   . . .        Y - +1 sling
rCold   . . .        (no shield)
rNeg    . . .        d - +0 ring mail
rPois   .            (helmet restricted)
rElec   .            (no cloak)
rCorr   .            (no gloves)
SInv    .            (no boots)
Will    .....        i - amulet of reflection
Stlth   +            (no ring)
HPRegen 0.26/turn    (no ring)
MPRegen 0.09/turn

%: reflection
@: no status effects
A: horns 2, retaliatory headbutt
a: no special abilities


You were on level 3 of the Dungeon.
You visited 1 branch of the dungeon, and saw 3 of its levels.

You collected 110 gold pieces.


Innate Abilities, Weirdness & Mutations

You have a pair of horns on your head.
You reflexively headbutt those who attack you in melee.


   Skills:
 + Level 2.1 Fighting
 - Level 5.1 Ranged Weapons
 - Level 1.2 Armour
 - Level 2.1 Dodging
 - Level 1.0 Spellcasting
 - Level 2.0 Hexes


You had 4 spell levels left.
You knew the following spells:

 Your Spells              Type           Power      Damage    Failure   Level
a - Slow                  Hex            12%        N/A       45%         1

Your spell library contained the following spells:

 Spells                   Type           Power      Damage    Failure   Level
 Inner Flame              Hex/Fire       1%         N/A       93%         3
 Portal Projectile        Hex/Tloc       2%         N/A       93%         3
 Cause Fear               Hex            1%         N/A       99%         4

Inventory:

Hand Weapons
 Y - a +1 sling (weapon)
Armour
 d - a +0 ring mail (worn)
Jewellery
 b - a ring of flight
 i - an amulet of reflection (around neck)
Scrolls
 g - a scroll of vulnerability {unknown}
 k - a scroll of silence {unknown}
 l - a scroll of teleportation {unknown}
Potions
 a - a potion of brilliance {unknown}
 c - a potion of ambrosia {unknown}
 e - a potion of cancellation {unknown}
 f - 2 potions of heal wounds {unknown}
 h - 2 potions of curing {unknown}
 j - a potion of lignification {unknown}

Dungeon Overview and Level Annotations

Branches:
Dungeon (3/15)

Altars:
Makhleb
Qazlal

Annotations:
D:3 Sigmund


Message History

Enter note:
Enter note:
1969 ||| STILL FLEEEEING.
1970 ||| STILL FLEEEEING.
1971 ||| STILL FLEEEEING.
Enter note:
Enter note:
Enter note:
Enter note:
Enter note:
Enter note:
Enter note:
Enter note: You shoot a sling bullet.
You shoot a sling bullet. Something hits you.
You shoot a sling bullet.
You hear some strange, mumbled words.
You are confused.
You shoot a sling bullet. Something hits you but does no damage.
You shoot a sling bullet. Something hits you.
You shoot a sling bullet. Something hits you.
You shoot a sling bullet. Something hits you but does no damage.
You shoot a sling bullet. Something hits you but does no damage.
You shoot a sling bullet.
You feel less confused. Something hits you but does no damage.
You shoot a sling bullet. You shoot a sling bullet. Something hits you.
You shoot a sling bullet. Something hits you!
You shoot a sling bullet. Something hits you!
You die...

. ................. .......# ..
##.##............ .... ...
......)........ ... ..
##.##.##..........# .. ##
......##...#......# .
#................#
#####.###..##.....#
..................#
.####.###..##.{.@#.....
.####.###..##.#......... .......
........................ ......
.####.###..##.#......... #....#
......###..............# #....##
......../..........#...####......
...........##......#.............
..###.###..##.##.................
#####.#.......##...#...####....##


There were no monsters in sight!

Vanquished Creatures
  4 gnolls (D:2)
  2 adders (D:2)
  3 worms (D:2)
  2 dart slugs (D:2)
  3 bats
  3 endoplasms (D:2)
  3 giant cockroaches
  3 goblins
  5 hobgoblins
  4 jackals (D:1)
  6 kobolds
  A quokka (D:1)
  4 ball pythons
  6 frilled lizards
  3 rats
52 creatures vanquished.

Notes
Turn   | Place    | Note
-------+----------+-------------------------------------------
     0 | D:1      | qw the Minotaur Hexslinger began the quest for the Orb.
     0 | D:1      | Reached XP level 1. HP: 16/16 MP: 1/1
     0 | D:1      | 0 ||| qw: Version: 0.3-a-52-g30416fa
     0 | D:1      | 0 ||| qw: Game counter: 7707
     0 | D:1      | 0 ||| qw: Melee chars always use a shield: true
     0 | D:1      | 0 ||| qw: God list: Okawaru
     0 | D:1      | 0 ||| qw: Allow faded altars: false
     0 | D:1      | 0 ||| qw: Do Orc after clearing Dungeon:15 true
     0 | D:1      | 0 ||| qw: Do second Lair branch before Depths: true
     0 | D:1      | 0 ||| qw: Lair rune preference: random
     0 | D:1      | 0 ||| qw: Goals: Normal
     0 | D:1      | 0 ||| PLANNING D:1-11
   123 | D:1      | Reached skill level 3 in Ranged Weapons
   126 | D:1      | Reached XP level 2. HP: 23/23 MP: 2/2
   587 | D:1      | 587 ||| UPGRADING to +0 ring mail.
   597 | D:1      | 597 ||| DROPPING +0 robe.
   598 | D:1      | 598 ||| READING scroll labelled ESAURY LERROMO.
   599 | D:1      | 599 ||| READING scroll labelled YSOREM OQESKAP.
   600 | D:1      | 600 ||| READING scroll labelled LUTIFF ZAIK.
   601 | D:1      | 601 ||| DROPPING scroll of poison.
   713 | D:2      | Reached XP level 3. HP: 29/29 MP: 3/3
   955 | D:2      | Reached skill level 4 in Ranged Weapons
   978 | D:2      | Reached skill level 1 in Armour
  1078 | D:2      | Found a stormy altar of Qazlal.
  1256 | D:2      | Reached XP level 4. HP: 36/36 MP: 4/4
  1472 | D:2      | Reached skill level 5 in Ranged Weapons
  1604 | D:2      | 1604 ||| UPGRADING to amulet of reflection.
  1609 | D:2      | 1609 ||| READING scroll labelled DEMABRY GAICRO.
  1610 | D:2      | 1610 ||| READING scroll labelled WEETHR ITTIHIX.
  1675 | D:2      | 1675 ||| DRINKING 3 sedimented dark potions.
  1676 | D:2      | 1676 ||| DROPPING 2 potions of degeneration.
  1955 | D:3      | Found a burning altar of Makhleb.
  1955 | D:3      | Noticed Sigmund
  1959 | D:3      | 1959 ||| FLEEEEING.
  1960 | D:3      | 1960 ||| FLEEEEING.
  1961 | D:3      | 1961 ||| FLEEEEING.
  1962 | D:3      | 1962 ||| FLEEEEING.
  1984 | D:3      | Slain by Sigmund

Levels and vault maps discovered:
D:1:      ebering_trefoil_3fold, layout_basic, nicolae_twisty_statue_hallways
D:2:      layout_loops_corners, basic_altar
D:3:      layout_basic, mainiacjoe_overflow_tiny_flanked, uniq_sigmund,
          uniq_jessica

Skill      XL: |  1  2  3  4 |
---------------+-------------+-----
Ranged Weapons | 3 4 5 |  5.1
Fighting       | 2 |  2.1
Armour         | 1 |  1.2
Dodging        | |  2.1
Spellcasting   | |  1.0
Hexes          | |  2.0

Action                     |  1- 3 |  4- 6 || total
---------------------------+-------+-------++-------
   Fire: Sling             |   144 |    46 ||   190
    Use: Scroll            |     3 |     2 ||     5
         Potion            |       |     1 ||     1
 Armour: Robe              |     4 |       ||     4
         Ring mail         |     7 |     6 ||    13
  Dodge: Dodged            |    37 |     8 ||    45

Table legend:
 A = Non-vault XP
 B = Vault XP
 C = Vault XP percentage of total XP
 D = Non-vault monster count
 E = Vault monster count
 F = Vault count percentage of total count
                 A         B        C        D         E       F
            +---------+---------+-------+---------+---------+-------
      Total |     173 |       0 |   0.0 |      52 |       0 |   0.0
            +---------+---------+-------+---------+---------+-------
        D:1 |      33 |       0 |   0.0 |      22 |       0 |   0.0
        D:2 |     136 |       0 |   0.0 |      28 |       0 |   0.0
        D:3 |       4 |       0 |   0.0 |       2 |       0 |   0.0
            +---------+---------+-------+---------+---------+-------
